 Dungeon Sprint DCSS version 0.23.0 (webtiles) character file.

Game seed: 7310140243574948597

51198 nuthulu the Peltast (level 14, -2/148 HPs)
             Began as a Minotaur Fighter on Feb 18, 2019.
             Was a High Priest of Uskayaw.
             Killed by the air
             ... invoked by a spriggan air mage
              (6 damage)
             ... in the Dungeon (Sprint V: "Ziggurat Sprint").
             The game lasted 00:08:19 (1620 turns).

nuthulu the Peltast (Minotaur Fighter)              Turns: 1620, Time: 00:08:20

Health: -2/148     AC: 36    Str: 35    XL:     14   Next: 22%
Magic:  14/23      EV:  5    Int:  9    God:    Uskayaw [*****.]
Gold:   0          SH: 35    Dex:  6    Spells: 13/13 levels left

rFire    . . .     SeeInvis +   F - +14 obsidian axe {chop, +Fly SInv *Curse} (curse)
rCold    + + +     Gourm    .   H - +18 shield of the Gong {rElec rN+ MR+ EV-5}
rNeg     + . .     Faith    .   G - +15 Maxwell's patent armour {-Cast -Tele rElec MR+ rCorr}
rPois    .         Spirit   .   J - +0 hat
rElec    +         Reflect  .   (no cloak)
rCorr    +         Harm     .   N - +2 pair of gloves "Ziuhezolo" {rC+ Slay+3}
MR       +++..     NoTele   +   (no boots) Stlth ..........NoCast +
                                I - amulet of Nile Byh {Acrobat rC++ Dex-2}
HPRegen  0.34/turn              D - +6 ring of strength
MPRegen  0.18/turn              L - ring of the Bull {rCorr Str+5 Int+4 Dex-4 Stlth-}

@: lethally poisoned (-2 -> -7), afraid, grasped by roots, mesmerised,
constricted, studying Dodging, lightly drained
A: retaliatory headbutt, horns 2, wild magic 1
a: Stomp, Line Pass, Grand Finale, Renounce Religion, Evoke Flight


You were in the Dungeon.
You worshipped Uskayaw.
Uskayaw was pleased with you.
You were not hungry.

You visited 1 branch

Inventory:

Hand Weapons
 a - a +0 war axe
 F - the cursed +14 obsidian axe (weapon) {chop, +Fly SInv *Curse}
   (You found it in the Dungeon)

   It inflicts extra damage upon your enemies.
   It lets you see invisible.
   It lets you fly.
   It curses itself when equipped.
   It has a curse placed upon it.
Armour
 b - a +0 scale mail
 c - a +0 shield
 G - the +15 Maxwell's patent armour (worn) {-Cast -Tele rElec MR+ rCorr}
   (You found it in the Dungeon)

   It insulates you from electricity.
   It affects your resistance to hostile enchantments.
   It prevents spellcasting.
   It prevents most forms of teleportation.
   It provides partial protection from all sources of acid and corrosion.
 H - the +18 shield of the Gong (worn) {rElec rN+ MR+ EV-5}
   (You found it in the Dungeon)

   It affects your evasion (-5).
   It insulates you from electricity.
   It protects you from negative energy.
   It affects your resistance to hostile enchantments.
 J - a +0 hat (worn)
 N - the +2 pair of gloves "Ziuhezolo" (worn) {rC+ Slay+3}
   (You found it in the Dungeon)

   It affects your accuracy and damage with ranged weapons and melee attacks
   (+3).
   It protects you from cold.
Jewellery
 z - a +6 ring of dexterity
 A - a +6 ring of dexterity
 B - a +6 ring of intelligence
 C - a +6 ring of intelligence
 D - a +6 ring of strength (left hand)
 E - a +6 ring of strength
 I - the amulet of Nile Byh (around neck) {Acrobat rC++ Dex-2}
   (You found it in the Dungeon)

   [amulet of the acrobat]

   It helps you evade while moving and waiting.
   It affects your dexterity (-2).
   It greatly protects you from cold.
 K - an uncursed ring of stealth
 L - the ring of the Bull (right hand) {rCorr Str+5 Int+4 Dex-4 Stlth-}
   (You found it in the Dungeon)

   [ring of resist corrosion]

   It affects your strength (+5).
   It affects your intelligence (+4).
   It affects your dexterity (-4).
   It makes you less stealthy.
 M - the ring "Fief" {rPois rC+++ AC+1 Str-5 Slay+2}
   (You found it in the Dungeon)

   [ring of protection]

   It affects your AC (+1).
   It affects your strength (-5).
   It affects your accuracy and damage with ranged weapons and melee attacks
   (+2).
   It renders you almost immune to cold.
   It protects you from poison.
 O - an uncursed ring of wizardry
Wands
 w - a wand of disintegration (7)
 x - a wand of iceblast (7)
 y - a wand of acid (7)
Scrolls
 k - 4 scrolls of blinking
 o - 8 scrolls of enchant weapon
 q - 4 scrolls of amnesia
 r - 7 scrolls of fog
 s - a scroll of holy word
 t - 5 scrolls of identify
 u - 5 scrolls of remove curse
 v - 2 scrolls of fear
Potions
 d - 7 potions of might
 e - 9 potions of curing
 g - 13 potions of heal wounds
 h - 10 potions of haste
 i - 7 potions of magic
 j - 3 potions of berserk rage
 l - 2 potions of brilliance
 m - 2 potions of invisibility
 n - 4 potions of resistance
 p - 5 potions of agility
Books
 P - a manual of Dodging
Comestibles
 f - 7 rations


   Skills:
 * Level 20.2(20.0) Fighting
 * Level 20.8(20.6) Axes
 + Level 16.9(16.8) Armour
 + Level 17.8(17.6) Dodging
 * Level 20.8(20.6) Shields
 - Level 3.0(2.9) Unarmed Combat
 + Level 14.0(13.8) Invocations


You had 13 spell levels left.
You didn't know any spells.
Your spell library was empty.

Dungeon Overview and Level Annotations

Branches:
Dungeon (1/1)

Altars:
Ashenzari
Cheibriados
Dithmenos
Elyvilon
Fedhas
Gozag
Hepliaklqana
Kikubaaqudgha
Makhleb
Nemelex Xobeh
Okawaru
Qazlal
Ru
Sif Muna
Trog
Uskayaw
Vehumet
Wu Jian
Xom
Yredelemnul
Zin
The Shining One
Beogh
Jiyva
Lugonu


Innate Abilities, Weirdness & Mutations

You reflexively headbutt those who attack you in melee.
You have a pair of horns on your head.
Your spells are a little harder to cast, but a little more powerful.


Message History

* * * LOW HITPOINT WARNING * * *
The grasping roots constrict you!
You block the spriggan defender's attack.
GONNNNG!
The elephant tramples you!
* * * LOW HITPOINT WARNING * * *
You hold your ground!
The elephant barely misses you. The wind drake flaps its wings at you.
The air twists around and strikes you!
The spriggan air mage waves its arms in wide circles.
The air twists around and strikes you!
The spriggan defender hits you but does no damage.
You partially resist.
You feel drained.
You block the spriggan defender's attack.
SHROANNG!
The spriggan berserker utters an invocation to Trog.
The polar bear goes berserk!
The spriggan air mage waves its arms in wide circles.
The air twists around and strikes you!
You die...

▓........
...:.[[.[.[)...▓.......)
....[:[}}}[....▓....))).
.......i.......▓....)...
....iciiih.h...▓..▓..)..
....cfkikiR....▓........
....fcisYik....▓........
....iiiiii.....▓......©.
......3@Y.i....▓▓▓▓▓▓▓▓▓
...▓....Y..▓... .
▓.▓..(..▓.▓ .
...▓.......▓...
...............
.......©.......
▓▓▓▓▓▓▓▓▓▓▓▓▓▓▓


You could see a dire elephant, 2 shambling mangroves, a death yak (berserk), an
elephant (berserk), 3 spriggan defenders, 2 satyrs, a soul eater, 3 wind drakes,
5 spriggan berserkers, a dryad, a faun, 7 spriggan air magi, 2 polar bears, a
spriggan druid and a redback.

Vanquished Creatures
  An ancient lich (D)
  A balrug (D)
  A ghoul (D)
  A reaper (D)
  2 very ugly things (D)
  An apis (D)
  2 vampire knights (D)
  A blizzard demon (D)
  4 hydras (D)
  2 spriggan air magi (D)
  An anaconda (D)
  2 ice dragons (D)
  2 hell hogs (D)
  3 vampire magi (D)
  3 spriggan berserkers (D)
  A hell knight (D)
  6 skeletal warriors (D)
  4 death drakes (D)
  A swamp dragon (D)
  A spriggan druid (D)
  A cherub (D)
  3 necromancers (D)
  An ugly thing (D)
  A shining eye (D)
  A naga mage (D)
  A rust devil (D)
  An eye of devastation (shapeshifter) (D)
  A spiny frog (shapeshifter) (D)
  A guardian serpent (shapeshifter) (D)
  4 spiny frogs (D)
  3 dryads (D)
  A hellion (D)
  A komodo dragon (shapeshifter) (D)
  A yaktaur (shapeshifter) (D)
  3 efreet (D)
  4 rime drakes (D)
  3 tormentors (D)
  4 freezing wraiths (D)
  2 ice devils (D)
  2 komodo dragons (D)
  2 red devils (D)
  A wind drake (D)
  A polar bear (D)
  A slime creature (shapeshifter) (D)
  A slime creature (D)
  2 wraiths (D)
  3 shadows (D)
  A tarantella (shapeshifter) (D)
  A yak (D)
  2 fire elementals (D)
  A golden eye (D)
  A neqoxec (D)
  A naga (D)
  6 water moccasins (D)
  7 hell hounds (D)
  A porcupine (D)
  A swamp drake (D)
  An eye of draining (D)
  2 necrophages (D)
  2 wolves (D)
  A crocodile (D)
  3 bullfrogs (D)
  4 wights (D)
  2 crimson imps (D)
  A jelly (D)
  2 orc priests (D)
  An iron imp (D)
  A mummy (D)
  An adder (D)
  2 river rats (D)
  A shadow imp (D)
  4 white imps (D)
  2 ufetubi (D)
  8 adder skeletons (D)
  5 adder zombies (D)
  4 ball pythons (D)
  5 bat skeletons (D)
  A bat zombie (D)
  3 ball python skeletons (D)
  A ball python zombie (D)
  A jackal skeleton (D)
  A jackal zombie (D)
  A leopard gecko zombie (D)
  3 quokka skeletons (D)
  A butterfly (D)
176 creatures vanquished.

Vanquished Creatures (collateral kills)
  An ophan (D)
  A hydra (D)
  A sea snake (shapeshifter) (D)
  A cherub (D)
  A swamp dragon (D)
  A necromancer (D)
  A naga mage (D)
  A komodo dragon (D)
  An ice devil (D)
  A slime creature (D)
  2 shadows (D)
  A basilisk (D)
  A neqoxec (D)
  A porcupine (D)
  A phantom (D)
  A necrophage (D)
  A wolf (D)
  2 bullfrogs (D)
  A wight (D)
  An adder (D)
  A white imp (D)
  An adder skeleton (D)
  A jackal (D)
  2 ball pythons (D)
  A giant cockroach zombie (D)
  A leopard gecko skeleton (D)
29 creatures vanquished.

Vanquished Creatures (others)
  A bat skeleton (D)
  2 fire vortices (D)
3 creatures vanquished.

Grand Total: 208 creatures vanquished

Notes
Turn   | Place    | Note
-------+----------+-------------------------------------------
     0 | D        | Found the +6 Majin-Bo {vamp, Archmagi MP+6 Int+6}
     0 | D        | Found the +7 great mace "Firestarter" {inner flame, rF++}
     0 | D        | nuthulu the Minotaur Fighter began the quest for the Orb.
     0 | D        | Reached XP level 1. HP: 19/19 MP: 0/0
     0 | D        | Found a deep blue altar of Sif Muna.
     0 | D        | Found a sacrificial altar of Ru.
     0 | D        | Found a bloodstained altar of Trog.
     0 | D        | Found a stormy altar of Qazlal.
     0 | D        | Found an iron altar of Okawaru.
     0 | D        | Found a sparkling altar of Nemelex Xobeh.
     0 | D        | Found a blossoming altar of Fedhas.
     2 | D        | Found an ancient bone altar of Kikubaaqudgha.
     2 | D        | Found a transporter.
     2 | D        | Found a corrupted altar of Lugonu.
     2 | D        | Found a viscous altar of Jiyva.
     2 | D        | Found a burning altar of Makhleb.
     2 | D        | Found a hazy altar of Hepliaklqana.
     2 | D        | Found an opulent altar of Gozag.
    23 | D        | Found the +9 heavy crossbow "Sniper" {velocity, Acc+∞ SInv}
    23 | D        | Found the +15 Maxwell's patent armour {-Cast -Tele rElec
                  | MR+ rCorr}
    23 | D        | Found the +18 shield of the Gong {rElec rN+ MR+ EV-5}
    23 | D        | Found the cursed +14 obsidian axe {chop, +Fly SInv *Curse}
    47 | D        | Reached skill level 5 in Fighting
    47 | D        | Reached skill level 5 in Armour
    47 | D        | Reached skill level 5 in Shields
    47 | D        | Reached XP level 2. HP: 29/29 MP: 1/1
    58 | D        | Became a worshipper of Uskayaw the Reveler
    71 | D        | Entered arena 2.
    71 | D        | Found a transporter.
    73 | D        | Reached * piety under Uskayaw
    74 | D        | Reached skill level 1 in Invocations
    74 | D        | Reached XP level 3. HP: 36/36 MP: 2/2
    74 | D        | Reached skill level 5 in Axes
    74 | D        | Reached ** piety under Uskayaw
    83 | D        | Entered arena 3.
    83 | D        | Noticed a hell hound
    83 | D        | Noticed a hell hound
    83 | D        | Found a transporter.
    87 | D        | Killed a hell hound
    87 | D        | Reached XP level 4. HP: 45/45 MP: 3/5
    87 | D        | Reached XP level 5. HP: 51/51 MP: 3/6
    87 | D        | Reached *** piety under Uskayaw
    88 | D        | Killed a hell hound
    88 | D        | Reached skill level 5 in Dodging
    94 | D        | Got the amulet of Nile Byh {Acrobat rC++ Dex-2}
    97 | D        | Entered arena 4.
    97 | D        | Found a transporter.
   101 | D        | Reached XP level 6. HP: 56/60 MP: 4/8
   109 | D        | Entered arena 5.
   109 | D        | Found a transporter.
   112 | D        | Reached **** piety under Uskayaw
   119 | D        | Entered arena 6.
   119 | D        | Noticed a hell hound
   119 | D        | Found a transporter.
   122 | D        | Killed a hell hound
   122 | D        | Reached skill level 5 in Invocations
   125 | D        | Reached XP level 7. HP: 69/69 MP: 7/9
   125 | D        | Reached ***** piety under Uskayaw
   138 | D        | Entered arena 7.
   138 | D        | Noticed a naga mage
   139 | D        | Found a transporter.
   145 | D        | Killed a naga mage
   155 | D        | Entered arena 8.
   155 | D        | Noticed a golden eye
   155 | D        | Noticed a slime creature
   155 | D        | Noticed a shining eye
   155 | D        | Noticed a slime creature
   156 | D        | Found a transporter.
   161 | D        | Killed a slime creature
   161 | D        | Reached XP level 8. HP: 62/79 MP: 9/11
   161 | D        | Killed a slime creature
   162 | D        | Reached skill level 10 in Fighting
   162 | D        | Killed a shining eye
   162 | D        | Reached skill level 10 in Armour
   162 | D        | Reached skill level 10 in Shields
   162 | D        | Reached skill level 10 in Axes
   169 | D        | Entered arena 9.
   169 | D        | Noticed a komodo dragon
   170 | D        | Found a transporter.
   175 | D        | Killed a komodo dragon
   175 | D        | Reached XP level 9. HP: 72/86 MP: 7/13
   182 | D        | Got the ring of the Bull {rCorr Str+5 Int+4 Dex-4 Stlth-}
   186 | D        | Got the ring "Fief" {rPois rC+++ AC+1 Str-5 Slay+2}
   188 | D        | Entered arena 10.
   188 | D        | Noticed a naga mage
   189 | D        | Found a transporter.
   193 | D        | Killed a naga mage
   200 | D        | Entered arena 11.
   200 | D        | Noticed a hell hog
   200 | D        | Noticed an efreet
   200 | D        | Noticed a hell hog
   200 | D        | Noticed an efreet
   200 | D        | Noticed an efreet
   201 | D        | Found a transporter.
   207 | D        | Killed a hell hog
   207 | D        | Reached skill level 10 in Dodging
   207 | D        | Killed an efreet
   207 | D        | Reached XP level 10. HP: 61/97 MP: 11/15
   209 | D        | Killed a hell hog
   215 | D        | Got the +2 pair of gloves "Ziuhezolo" {rC+ Slay+3}
   356 | D        | Entered arena 12.
   357 | D        | Found the +2 Maxwell's thermic engine {flame, freeze}
   357 | D        | Noticed a rust devil
   357 | D        | Noticed a hell knight
   358 | D        | Found a transporter.
   364 | D        | Killed a hell knight
   366 | D        | Killed a rust devil
   635 | D        | Entered arena 13.
   635 | D        | Noticed a spriggan air mage
   635 | D        | Noticed an anaconda
   635 | D        | Noticed a spriggan druid
   635 | D        | Noticed a spriggan air mage
   635 | D        | Noticed a spriggan berserker
   636 | D        | Noticed a spriggan berserker
   637 | D        | Found a transporter.
   643 | D        | Killed a spriggan berserker
   644 | D        | Killed an anaconda
   644 | D        | Reached skill level 10 in Invocations
   644 | D        | Reached XP level 11. HP: 72/107 MP: 13/17
   644 | D        | Killed a spriggan druid
   644 | D        | Killed a spriggan air mage
   646 | D        | Killed a spriggan berserker
   646 | D        | Reached skill level 15 in Axes
   646 | D        | Reached skill level 15 in Shields
   646 | D        | Killed a spriggan air mage
   664 | D        | Entered arena 14.
   665 | D        | Noticed a cherub
   666 | D        | Noticed an ophan
   666 | D        | Noticed a cherub
   666 | D        | Noticed an apis
   667 | D        | Found a transporter.
   673 | D        | Killed an apis
   676 | D        | Killed a cherub
   676 | D        | Killed an ophan
   677 | D        | Killed a cherub
   677 | D        | Reached skill level 15 in Fighting
   688 | D        | Entered arena 15.
   689 | D        | Noticed a cyan very ugly thing
   689 | D        | Noticed a red ugly thing
   690 | D        | Noticed a purple very ugly thing
   691 | D        | Found a transporter.
   693 | D        | Noticed a two-headed ogre
   693 | D        | a merfolk changed into a two-headed ogre
   694 | D        | Noticed a sea snake
   694 | D        | a two-headed ogre changed into a sea snake
   696 | D        | Killed a cyan very ugly thing
   697 | D        | Killed a purple very ugly thing
   697 | D        | Reached XP level 12. HP: 55/121 MP: 19/19
   698 | D        | Gained mutation: Your spells are a little harder to cast,
                  | but a little more powerful. [a neqoxec]
   704 | D        | Reached ****** piety under Uskayaw
   951 | D        | Entered arena 16.
   953 | D        | Noticed a balrug
   956 | D        | Found a transporter.
   966 | D        | Killed a balrug
  1202 | D        | Entered arena 17.
  1205 | D        | Noticed a six-headed hydra
  1205 | D        | Noticed an ice dragon
  1205 | D        | Noticed a four-headed hydra
  1207 | D        | Noticed an ice dragon
  1208 | D        | Found a transporter.
  1212 | D        | Killed an ice dragon
  1213 | D        | Killed an eight-headed hydra
  1214 | D        | Reached skill level 15 in Armour
  1214 | D        | Killed an ice dragon
  1215 | D        | Reached XP level 13. HP: 121/133 MP: 19/21
  1223 | D        | Entered arena 18.
  1224 | D        | Reached skill level 15 in Dodging
  1230 | D        | Noticed an ancient lich
  1235 | D        | Noticed a ghoul
  1246 | D        | Killed an ancient lich
  1251 | D        | Killed a ghoul
  1252 | D        | Found a transporter.
  1280 | D        | Entered arena 19.
  1280 | D        | Identified the +7 scimitar of Heejiwe {freeze, *Noise rPois
                  | rC+ Int+6}
  1280 | D        | Noticed a vampire knight
  1280 | D        | Noticed a vampire knight
  1281 | D        | Identified the ring of a Million Cities {rCorr Int+2}
  1282 | D        | Identified the +6 shortbow "Cih Esoa" {velocity, Str+4}
  1283 | D        | Identified the +3 leather armour of Egudugedd {Dex+4}
  1284 | D        | Found the ring of Robustness {AC+8}
  1290 | D        | Killed a vampire knight
  1291 | D        | Killed a vampire knight
  1293 | D        | Found a transporter.
  1301 | D        | Entered arena 20.
  1308 | D        | Found the +10 dark maul {crush}
  1308 | D        | Found a transporter.
  1321 | D        | Reached XP level 14. HP: 62/146 MP: 14/23
  1575 | D        | Entered arena 21.
  1579 | D        | Noticed a reaper
  1588 | D        | Found a transporter.
  1600 | D        | Killed a reaper
  1607 | D        | Entered arena 22.
  1612 | D        | Noticed a spriggan defender
  1612 | D        | Identified the cursed ring of Discretion {rPois rC+ Str-2
                  | Dex-4}
  1612 | D        | Identified the +3 double sword "Trog's Brutal Revenge"
                  | {antimagic, *Slow MR+++ Str+2 Int+5}
  1612 | D        | Noticed a spriggan defender
  1612 | D        | Identified the cursed +1 scimitar of the Dungeon {elec,
                  | *Noise MR++ Dex+4 SInv}
  1613 | D        | Noticed a spriggan defender
  1613 | D        | Identified the +5 flail "Bung" {freeze, Int+2 Dex+7}
  1620 | D        | HP: 4/148 [elephant[a spriggan berserker] (15)]
  1620 | D        | Killed from afar by a spriggan air mage

Skill      XL: |  1  2  3  4  5  6  7  8  9 10 11 12 13 14 |
---------------+-------------------------------------------+-----
Fighting       | 5 6 7 8 9 10 11 13 15 17 19 20 | 20.2
Axes           | 4 6 8 9 10 12 14 16 18 20 | 20.8
Armour         | 5 6 7 8 9 10 11 12 14 15 16 | 16.9
Dodging        | 2 3 4 5 6 7 9 10 11 12 14 17 | 17.8
Shields        | 5 6 7 8 9 10 12 14 16 18 20 | 20.8
Unarmed Combat | 3 |  3.0
Invocations    | 1 3 4 5 6 7 8 10 11 12 13 14 | 14.0

Action                   |  1- 3 |  4- 6 |  7- 9 | 10-12 | 13-15 || total
-------------------------+-------+-------+-------+-------+-------++-------
Melee: Broad axe         |     5 |    13 |    22 |    60 |    70 ||   170
       Headbutt          |     1 |     2 |     4 |    12 |    12 ||    31
Invok: Stomp             |       |       |       |     2 |     6 ||     8
  Use: Potion            |     1 |       |     1 |     1 |       ||     3
 Stab: Paralysed         |       |     1 |     7 |    31 |    16 ||    55
       Distracted        |       |       |     1 |     1 |       ||     2
  Eat: Ration            |       |       |       |     1 |       ||     1
Armor: Plate armour      |     3 |     4 |     7 |    30 |    57 ||   101
Dodge: Dodged            |     1 |     2 |     1 |    10 |    29 ||    43
Block: Shield            |     7 |    20 |    38 |    84 |   134 ||   283
